AoeStats
← 极地沙尘暴

Golden Pit

507735653Analyzed
1v1 RM · 13d ago on Sep 19, 2026· 49m 18s· 2 players
Game mode
Random Map
Map size
Tiny (2 player)
Population
200
Speed
Normal
Resources
Standard
Victory
Conquest
Starting age
Dark Age
Ending age
Imperial Age
RankedLock teamsTeams togetherTeam positionsShared explorationLock speedFull tech treeHidden civsTurbo modeCheats
Victory
Defeat
🇮🇹 Vietnamese · Italy
1430
+17
🇨🇳 Huns · China
1443
-17
Giova
6:39 Loom
9:17 Feudal Age
9:46 Double-Bit Axe
11:15 Horse Collar
15:14 Forging
18:32 Wheelbarrow
21:12 Castle Age
20:05 Fletching
20:15 Padded Archer Armor
21:53 Bodkin Arrow
21:20 Crossbowman
22:26 Bow Saw
22:50 Heavy Plow
28:25 Hand Cart
31:47 Ballistics
31:55 Pikeman
32:36 Squires
32:44 Squires
32:06 Pikeman
32:47 Scale Mail Armor
33:23 Iron Casting
33:35 Town Watch
34:17 Chain Mail Armor
37:59 Imperial Age
35:58 Arson
39:46 Chemistry
38:13 Elite Fire Lancer
39:47 Plate Mail Armor
42:51 Siege Engineers
47:13 Bracer
极地沙尘暴
6:48 Loom
9:22 Feudal Age
10:19 Double-Bit Axe
11:03 Horse Collar
18:45 Wheelbarrow
22:43 Castle Age
21:03 Gold Mining
22:21 Fletching
22:32 Padded Archer Armor
23:47 Bow Saw
23:40 Heavy Plow
23:02 Elite Skirmisher
23:41 Bodkin Arrow
24:53 Leather Archer Armor
25:29 Town Watch
28:07 Hand Cart
31:30 Scale Barding Armor
31:36 Forging
32:29 Bloodlines
32:20 Husbandry
32:56 Chain Barding Armor
37:41 Imperial Age
36:14 Iron Casting
36:09 Ballistics
37:56 Light Cavalry
38:40 Bracer
39:16 Plate Barding Armor
40:19 Two-Man Saw
39:46 Conscription
41:00 Chemistry
40:29 Hussar
47:33 Parthian Tactics
Connection lost

Rejoining the realm…

Still unreachable

The connection could not be restored.

Session expired

The server has moved on; the page needs a fresh start.